 Dungeon Crawl Stone Soup version 0.24-a0-201-gf205589 (console) character file.

Game seed: 18184107231019304575

5632 bli the Martial Artist (level 10, -7/80 HPs)
             Began as a Grey Draconian Transmuter on Mar 24, 2019.
             Was a Believer of Wu Jian.
             Mangled by a brown ugly thing (15 damage)
             ... on level 9 of the Dungeon.
             The game lasted 00:34:12 (8665 turns).

bli the Martial Artist (Grey Draconian Transmuter)  Turns: 8665, Time: 00:34:13

Health: -7/80      AC:  1    Str: 13    XL:     10   Next: 46%
Magic:  22/25      EV: 16    Int: 13    God:    Wu Jian [**....]
Gold:   452        SH:  0    Dex: 15    Spells: 11/17 levels left

rFire    . . .     SeeInvis .     - Unarmed
rCold    . . .     Gourm    .   (no shield)
rNeg     . . .     Faith    .   (armour unavailable)
rPois    .         Spirit   .   (helmet restricted)
rElec    .         Reflect  .   s - +0 cloak
rCorr    .         Harm     .   (no gloves)
MR       .....                  (no boots)
Stlth    ++........             u - amulet of the acrobat
HPRegen  0.23/turn              g - ring of magical power
MPRegen  0.19/turn              h - ring of flight

@: appendage, corroded, very slightly contaminated
A: walk through water, unfitting armour, horns 2, unbreathing, cold-blooded, AC
+12
a: End Transformation, Wall Jump, Renounce Religion, Evoke Flight


You were on level 9 of the Dungeon.
You worshipped Wu Jian.
Wu Jian was pleased with you.
You were hungry.
You had grown temporary horns.
You visited 2 branches of the dungeon, and saw 10 of its levels.

You collected 452 gold pieces.

Inventory:

Hand Weapons
 y - a +0 blowgun
 L - a +4 great sword of freezing
 P - a +3 dagger of chaos
Missiles
 a - 114 arrows
 j - 102 stones (quivered)
 r - 31 sling bullets
 v - 17 poisoned needles
 B - 3 tomahawks
Armour
 n - a +0 shield
 s - a +0 cloak (worn)
 w - a +0 cloak
Jewellery
 g - a ring of magical power (left hand)
 h - a ring of flight (right hand)
 u - an amulet of the acrobat (around neck)
 A - an uncursed amulet of rage
 E - an uncursed ring of fire
Wands
 K - a wand of disintegration (24)
 N - a wand of iceblast (10)
Scrolls
 b - 3 scrolls of identify {unknown}
 d - 2 scrolls of magic mapping {unknown}
 e - 3 scrolls of immolation {unknown}
 f - 2 scrolls of blinking {unknown}
 i - 3 scrolls of remove curse {unknown}
 k - 6 scrolls of teleportation
 z - 2 scrolls of enchant armour {unknown}
 C - a scroll of silence {unknown}
 D - 2 scrolls of amnesia {unknown}
 H - a scroll of torment {unknown}
Potions
 l - a potion of invisibility {unknown}
 m - 4 potions of cancellation {unknown}
 o - a potion of berserk rage {unknown}
 p - a potion of lignification
 q - 2 potions of degeneration {unknown}
 t - 2 potions of curing {unknown}
 x - 2 potions of heal wounds {unknown}
 F - a potion of experience {unknown}
 G - a potion of ambrosia {unknown}
 I - a potion of flight {unknown}
 J - 2 potions of agility {unknown}
 M - a potion of brilliance {unknown}
 O - a potion of haste {unknown}
Comestibles
 c - 20 rations


   Skills:
 * Level 4.5 Fighting
 * Level 6.1 Dodging
 + Level 3.3 Stealth
 * Level 11.5 Unarmed Combat
 + Level 4.2 Spellcasting
 * Level 5.2 Transmutations
 * Level 2.2 Poison Magic


You had 11 spell levels left.
You knew the following spells:

 Your Spells              Type           Power        Failure   Level  Hunger
a - Beastly Appendage     Tmut           ###...       2%          1    None
s - Spider Form           Tmut/Pois      ##........   13%         3    ###....
S - Sticks to Snakes      Tmut           ###.....     3%          2    ##.....

Your spell library contained the following spells:

 Spells                   Type           Power        Failure   Level  Hunger
 Blade Hands              Tmut           ###.......   54%         5    ######.
 Ice Form                 Ice/Tmut       #.......     56%         4    ####...


Dungeon Overview and Level Annotations

Branches:
Dungeon (9/15)             Temple (1/1) D:4
   Lair: D:8-11         Orc: D:9-12

Altars:
Ashenzari
Cheibriados
Dithmenos
Elyvilon
Fedhas
Gozag
Hepliaklqana
Kikubaaqudgha
Makhleb
Nemelex Xobeh
Okawaru
Qazlal
Ru
Sif Muna
Trog
Uskayaw
Vehumet
Wu Jian
Xom
Yredelemnul
Zin
The Shining One

Shops:
D:7 =   D:9 ?


Innate Abilities, Weirdness & Mutations

You can walk through water.
Your dull iron-grey scales are very hard. (AC +12)
You cannot fit into any form of body armour.
You can survive without breathing.
You are cold-blooded and may be slowed by cold attacks.
You have a pair of horns on your head.


Message History

You hit the brown ugly thing but do no damage.
Your headbutt misses the brown ugly thing.
The brown ugly thing is severely wounded.
You punch the brown ugly thing!
The brown ugly thing is severely wounded.
The brown ugly thing claws you! The acid corrodes you!
You are splashed with acid!
* * * LOW HITPOINT WARNING * * *
Casting: Beastly Appendage (safe; 2% risk of failure)
Confirm with . or Enter, or press ? or * to list all spells.
You extend your transformation's duration.
The brown ugly thing claws you.
* * * LOW HITPOINT WARNING * * *
You are splashed with acid!
* * * LOW HITPOINT WARNING * * *
Casting: Beastly Appendage (safe; 2% risk of failure)
Confirm with . or Enter, or press ? or * to list all spells.
You miscast Sticks to Snakes.
You are very lightly contaminated with residual magic.
Your skin glows momentarily.
The brown ugly thing claws you!
You die...

.%.#.......... ......
....#......... .....
.......#.....# .##.
.............# .....
#. .............#
..... #.
...%.........# #....
#. .............#
..... #.
.....'.......##
.....##.
....#.......[# #....
....#..u.....# #....
...#..@.....# #....
#..........# #....
#..........# #....
#..........#######....
#........>.#..........
#..........#.∩........
#..........#.......#..
#.....#########....###
#..................#
#.....................
#................##...


You could see a brown ugly thing.

Vanquished Creatures
  A two-headed ogre (D:8)
  Pikel (D:7)
  Psyche (D:8)
  A troll (D:9)
  Grinder (D:4)
  A hippogriff (D:8)
  6 orc warriors
  2 ice beasts (D:7)
  A black bear (D:7)
  5 ogres
  An eye of draining (D:9)
  2 phantoms
  A necrophage (D:8)
  3 centaurs
  3 bullfrogs (D:7)
  4 scorpions
  4 wights (D:8)
  4 howler monkeys
  3 crimson imps
  A bullfrog zombie (D:8)
  A quasit (D:9)
  4 hounds
  A bullfrog skeleton (D:6)
  2 orc priests
  Crazy Yiuf (D:7)
  6 orc wizards
  3 iguanas
  4 worker ants
  A hound zombie (D:7)
  2 hound skeletons (D:7)
  3 gnolls (D:3)
  8 adders
  A shadow imp (D:7)
  3 oozes
  4 worms
  A dart slug (D:1)
  3 leopard geckos
  16 orcs
  2 ball pythons
  8 giant cockroaches
  14 hobgoblins
  3 jackals (D:7)
  10 bats
  6 frilled lizards
  7 goblins
  9 kobolds
  A leopard gecko skeleton (D:5)
  A leopard gecko zombie (D:7)
  2 quokka skeletons
  A rat (D:2)
174 creatures vanquished.

Vanquished Creatures (collateral kills)
  An orc warrior (D:6)
  A hound (D:5)
  2 jellies (D:5)
  2 orc wizards
  2 worms (D:2)
  An orc (D:5)
  A hobgoblin (D:3)
  A frilled lizard (D:3)
11 creatures vanquished.

Vanquished Creatures (others)
  A bullfrog zombie (D:7)
  A leopard gecko (D:7)
  An orc (D:7)
3 creatures vanquished.

Grand Total: 188 creatures vanquished

Notes
Turn   | Place    | Note
-------+----------+-------------------------------------------
     0 | D:1      | bli the Draconian Transmuter began the quest for the Orb.
     0 | D:1      | Reached XP level 1. HP: 16/16 MP: 3/3
   280 | D:1      | Reached XP level 2. HP: 8/23 MP: 5/5
   292 | D:1      | Learned a level 2 spell: Sticks to Snakes
  1096 | D:2      | Reached XP level 3. HP: 15/28 MP: 6/6
  1165 | D:2      | Reached skill level 4 in Unarmed Combat
  1278 | D:3      | HP: 1/28 [howler monkey (1)]
  1279 | D:3      | Reached XP level 4. HP: 1/35 MP: 7/7
  2072 | D:2      | You fall through a shaft for 2 floors!
  2084 | D:4      | Noticed Grinder
  2090 | D:4      | Reached skill level 5 in Unarmed Combat
  2103 | D:4      | Reached XP level 5. HP: 38/40 MP: 8/8
  2109 | D:4      | Paralysed by Grinder for 2 turns
  2116 | D:4      | Paralysed by Grinder for 2 turns
  2143 | D:4      | Paralysed by Grinder for 4 turns
  2150 | D:4      | Killed Grinder
  2150 | D:4      | Reached XP level 6. HP: 17/47 MP: 9/9
  2157 | D:4      | Learned a level 3 spell: Spider Form
  2877 | D:3      | Reached skill level 6 in Unarmed Combat
  2940 | D:3      | Reached skill level 1 in Stealth
  3355 | D:4      | Found a staircase to the Ecumenical Temple.
  3361 | Temple   | Entered the Ecumenical Temple
  3508 | Temple   | Became a worshipper of the Wu Jian Council
  3769 | D:4      | Found a blossoming altar of Fedhas.
  3893 | D:4      | Your scales start taking on a dull iron-grey colour.
  3893 | D:4      | Reached XP level 7. HP: 50/52 MP: 10/10
  3893 | D:4      | Gained mutation: You can survive without breathing. [Grey
                  | Draconian growth]
  4000 | D:5      | Entered Level 5 of the Dungeon
  4104 | D:5      | HP: 2/52 [poisoned by an adder]
  4109 | D:5      | HP: 2/52 [poisoned by an adder]
  4632 | D:5      | Reached skill level 7 in Unarmed Combat
  4744 | D:5      | Reached skill level 1 in Poison Magic
  4796 | D:5      | Found a burning altar of Makhleb.
  5059 | D:5      | Reached XP level 8. HP: 58/59 MP: 11/11
  5455 | D:6      | Reached skill level 8 in Unarmed Combat
  6158 | D:6      | Reached * piety under Wu Jian
  6337 | D:6      | Found a shadowy altar of Dithmenos.
  6337 | D:6      | Found a glowing silver altar of Zin.
  6342 | D:6      | Found a radiant altar of Vehumet.
  6344 | D:6      | Found a bloodstained altar of Trog.
  6346 | D:6      | Found a faded altar of an unknown god.
  6626 | D:7      | Reached skill level 9 in Unarmed Combat
  6632 | D:7      | Reached XP level 9. HP: 58/68 MP: 13/13
  6726 | D:7      | Noticed Pikel
  6753 | D:7      | Killed Pikel
  6753 | D:7      | Reached skill level 5 in Dodging
  6906 | D:7      | Found an ancient bone altar of Kikubaaqudgha.
  6924 | D:7      | Reached skill level 10 in Unarmed Combat
  7016 | D:7      | Found a runed translucent door.
  7017 | D:7      | Noticed Crazy Yiuf
  7022 | D:7      | Killed Crazy Yiuf
  7077 | D:7      | Found a sparkling altar of Nemelex Xobeh.
  7082 | D:7      | Reached ** piety under Wu Jian
  7392 | D:7      | Found Roev's Jewellery Shoppe.
  7799 | D:8      | Noticed Psyche
  7812 | D:8      | Killed Psyche
  7812 | D:8      | Reached XP level 10. HP: 26/78 MP: 16/16
  8130 | D:8      | Reached skill level 5 in Transmutations
  8156 | D:8      | Noticed a two-headed ogre
  8166 | D:8      | Killed a two-headed ogre
  8166 | D:8      | Reached skill level 11 in Unarmed Combat
  8606 | D:9      | Found Ibypsou's Magic Scroll Emporium.
  8649 | D:9      | Noticed a brown ugly thing
  8665 | D:9      | Mangled by a brown ugly thing

Levels and vault maps discovered:
D:1:      minmay_arrival_widening_spiral_wide, layout_basic,
          minmay_misc_feat_ornament
D:2:      layout_loops_ring
D:3:      layout_loops_ring, first_ration
D:4:      layout_basic, minmay_temple_entry_enclosed_plants, fedhas_altar_4,
          uniq_grinder
D:5:      layout_loops_corners, makhleb_blood_cavern_becter
D:6:      layout_cave_pools, chequers_temple_overflow_minitemple,
          chequers_serial_rivers_micro_b
D:7:      layout_gridville, lemuel_crystal_altar,
          nemelex_xobeh_ov_fountains_minmay, serial_shops, kennysheep_mini_moat,
          st_stairs_1, uniq_pikel, uniq_crazy_yiuf_cottage
D:8:      layout_loops_ring, uniq_psyche
D:9:      layout_basic, serial_shops, shop, the_bakery
Temple:   eino_temple_rhombus

Skill      XL: |  1  2  3  4  5  6  7  8  9 10 |
---------------+-------------------------------+-----
Dodging        | 2 3 4 5 6 |  6.1
Unarmed Combat | 4 5 6 7 9 10 11 | 11.5
Stealth        | 1 2 3 |  3.3
Transmutations | 3 4 5 |  5.2
Poison Magic   | 1 2 |  2.2
Fighting       | 2 4 |  4.5
Spellcasting   | 3 4 |  4.2

Action                   |  1- 3 |  4- 6 |  7- 9 | 10-12 || total
-------------------------+-------+-------+-------+-------++-------
Melee: Unarmed           |   103 |   147 |   447 |    92 ||   789
       Tailslap          |    13 |    14 |    68 |    18 ||   113
       Headbutt          |    10 |     1 |    20 |    10 ||    41
       Kick              |     3 |    19 |    24 |    15 ||    61
       Punch             |       |     1 |    14 |     4 ||    19
Throw: Tomahawk          |       |       |     1 |       ||     1
 Cast: Beastly Appendage |    19 |    21 |    26 |     8 ||    74
       Sticks to Snakes  |       |    14 |    14 |     4 ||    32
Invok: Lunge             |       |     2 |    43 |    10 ||    55
       Whirlwind         |       |       |    70 |     4 ||    74
  Use: Potion            |       |     1 |       |       ||     1
       Scroll            |       |       |     1 |       ||     1
 Stab: Sleeping          |     1 |     1 |     5 |     2 ||     9
       Distracted        |       |     1 |     3 |       ||     4
  Eat: Chunk             |     2 |     9 |    11 |     3 ||    25
       Ration            |       |       |     1 |       ||     1
Armor: Skin              |    28 |    45 |   108 |    28 ||   209
Dodge: Dodged            |    58 |    86 |   282 |    51 ||   477

Table legend:
 A = Non-vault XP
 B = Vault XP
 C = Vault XP percentage of total XP
 D = Non-vault monster count
 E = Vault monster count
 F = Vault count percentage of total count
                 A         B        C        D         E       F
            +---------+---------+-------+---------+---------+-------
      Total |    6609 |    1438 |  17.9 |     179 |       6 |   3.2
            +---------+---------+-------+---------+---------+-------
        D:1 |      34 |       0 |   0.0 |      19 |       0 |   0.0
        D:2 |      79 |       0 |   0.0 |      28 |       0 |   0.0
        D:3 |     140 |       0 |   0.0 |      21 |       0 |   0.0
        D:4 |     231 |     278 |  54.6 |       7 |       1 |  12.5
        D:5 |     746 |      43 |   5.4 |      21 |       1 |   4.5
        D:6 |     838 |       0 |   0.0 |      21 |       0 |   0.0
        D:7 |    1530 |     694 |  31.2 |      33 |       3 |   8.3
        D:8 |    2551 |     423 |  14.2 |      26 |       1 |   3.7
        D:9 |     460 |       0 |   0.0 |       3 |       0 |   0.0
            +---------+---------+-------+---------+---------+-------
